 Dungeon Crawl Stone Soup version 0.29.1-12-g30fa7ad0bf (webtiles) character file.

Game seed: 7315017747234918011

302 javelincjr the Chopper (level 6, -8/53 HPs)
             Began as a Hill Orc Fighter on Jan 5, 2023.
             Killed by divine providence
             ... invoked by an orc priest
              (13 damage)
             ... on level 4 of the Dungeon.
             The game lasted 00:09:32 (2562 turns).

javelincjr the Chopper (Hill Orc Fighter)           Turns: 2562, Time: 00:09:33

Health: -8/53      AC: 10    Str: 19    XL:     6   Next: 37%
Magic:  6/6        EV:  7    Int:  8    God:
Gold:   224        SH:  5    Dex: 12    Spells: 5/5 levels left

rFire   . . .      SeeInvis .   n - +1 rapier (speed)
rCold   . . .      Faith    .   c - +0 buckler
rNeg    + . .      Spirit   .   r - +0 chain mail
rPois   .          Reflect  .   (no helmet)
rElec   .          Harm     .   (no cloak)
rCorr   .          Rampage  .   (no gloves)
Will    .....                   g - +0 pair of boots
Stlth   ..........              (no amulet)
HPRegen 0.17/turn               f - ring of positive energy
MPRegen 0.10/turn               (no ring)

@: mighty
A: no striking features
a: Convert to Beogh


You were on level 4 of the Dungeon.
You visited 1 branch of the dungeon, and saw 4 of its levels.

You collected 224 gold pieces.

Inventory:

Hand Weapons
 a - a +0 war axe
 n - a +1 rapier of speed (weapon)
Missiles
 e - 44 stones (quivered)
Armour
 b - a +0 scale mail
 c - a +0 buckler (worn)
 g - a +0 pair of boots (worn)
 r - a +0 chain mail (worn)
Jewellery
 f - a ring of positive energy (left hand)
 p - an amulet of faith
Wands
 q - a wand of mindburst (16)
 t - a wand of flame (25)
Scrolls
 i - 3 scrolls of enchant armour {unknown}
 j - a scroll of immolation {unknown}
 k - 2 scrolls of vulnerability {unknown}
 l - 2 scrolls of identify {unknown}
 u - a scroll of fog {unknown}
 v - a scroll of summoning {unknown}
Potions
 m - 2 potions of magic {unknown}
 o - a potion of flight {unknown}
 s - 2 potions of attraction {unknown}


   Skills:
 + Level 4.4 Fighting
 + Level 0.8 Short Blades
 + Level 5.6 Axes
 + Level 4.8 Armour
 + Level 0.6 Dodging
 + Level 0.2 Stealth
 + Level 4.1 Shields
 + Level 0.3 Evocations


You had 5 spell levels left.
You didn't know any spells.
Your spell library contained the following spells:

 Spells                   Type           Power      Damage    Failure   Level
 Gell's Gravitas          Tloc           0%         N/A       100%        3
 Lesser Beckoning         Tloc           0%         N/A       100%        3
 Teleport Other           Tloc           0%         N/A       100%        3


Dungeon Overview and Level Annotations

Branches:
Dungeon (4/15)
 Temple: D:4-7

Altars:


Message History

Beogh smites you!
You hit the scorpion.
The scorpion is severely wounded.
You feel sick. You block the scorpion's attack.
The orc priest shouts, "Join the one true god or die!"
You hit the scorpion.
The scorpion is severely wounded.
The orc priest invokes the aid of Beogh against you.
Beogh smites you!
* * * LOW HITPOINT WARNING * * *
It was a potion of curing.
You feel better. The scorpion stings you.
* * * LOW HITPOINT WARNING * * *
You are lethally poisoned!
The scorpion poisons you! You block the scorpion's attack.
You feel better.
The orc priest begins to cast a cantrip, but forgets the words!
The scorpion stings you but does no damage.
The scorpion attacks as you move away!
The scorpion stings you but does no damage.
You hit the scorpion but do no damage.
The scorpion is severely wounded.
The orc priest calls upon Beogh to heal something.
The scorpion closely misses you.
You feel very mighty all of a sudden. The scorpion barely misses you.
The orc priest mumbles some strange prayers to Beogh against you.
Beogh smites you!
* * * LOW HITPOINT WARNING * * *
The orc priest shouts, "Join the one true god or die!"
You hit the scorpion.
The scorpion is almost dead.
You block the scorpion's attack.
You puncture the scorpion!
You kill the scorpion!
The orc priest calls down the wrath of Beogh upon you.
Something writhes in agony!
You closely miss something. Something hits you but does no damage.
The orc priest calls down the wrath of Beogh upon you.
Beogh smites you!
You die...

. .. ...
.... .....
######...../
#.†@†.#
#.###o# #.#
..{ #.#


oo... #.# {...... #.# ....... ##.########+# #.......# #.......# You could see an
orc priest.

Vanquished Creatures
  A black bear (D:3)
  A scorpion (D:4)
  An iguana (D:4)
  An orc wizard (D:4)
  4 adders
  3 worms
  3 dart slugs
  4 orcs (D:4)
  A bat (D:3)
  An endoplasm (D:1)
  3 giant cockroaches
  6 goblins
  5 hobgoblins
  3 jackals (D:1)
  3 quokkas
  3 ball pythons
  A frilled lizard (D:1)
  2 kobolds
  8 rats
54 creatures vanquished.

Notes
Turn   | Place    | Note
-------+----------+-------------------------------------------
     0 | D:1      | javelincjr the Hill Orc Fighter began the quest for the
                  | Orb.
     0 | D:1      | Reached XP level 1. HP: 19/19 MP: 1/1
   278 | D:1      | Reached XP level 2. HP: 25/27 MP: 2/2
   280 | D:1      | Reached skill level 3 in Axes
   588 | D:2      | Reached XP level 3. HP: 29/33 MP: 3/3
  1373 | D:3      | Found a faded altar of an unknown god.
  1396 | D:3      | Reached XP level 4. HP: 40/40 MP: 4/4
  1400 | D:3      | Reached skill level 4 in Axes
  1807 | D:3      | Noticed a black bear
  1815 | D:3      | Killed a black bear
  1816 | D:3      | Reached skill level 5 in Axes
  1816 | D:3      | Reached XP level 5. HP: 41/46 MP: 5/5
  2441 | D:4      | Reached XP level 6. HP: 52/52 MP: 6/6
  2562 | D:4      | Killed from afar by an orc priest

Illustrated notes

Levels and vault maps discovered:
D:1:      lightli_iron_boxes, layout_rooms
D:2:      layout_basic, serial_curves, eino_curves_01, eino_curves_01
D:3:      layout_basic, nicolae_ecumenical_pavilion, roderic_roman_lattice,
          kennysheep_cross_bottleneck
D:4:      layout_basic, grunt_ministairs_5

Skill      XL: |  1  2  3  4 |
---------------+-------------+-----
Axes           | 3 5 |  5.6
Fighting       | 4 |  4.4
Armour         | 4 |  4.8
Shields        | 4 |  4.1
Short Blades   | |  0.8
Dodging        | |  0.6
Stealth        | |  0.2
Evocations     | |  0.3

Action                   |  1- 3 |  4- 6 || total
-------------------------+-------+-------++-------
Melee: War axe           |    61 |    45 ||   106
       Rapier            |    13 |    49 ||    62
Throw: Stone             |     2 |     2 ||     4
Evoke: Wand              |       |     3 ||     3
  Use: Potion            |       |     3 ||     3
Armor: Scale mail        |    26 |     3 ||    29
       Chain mail        |       |    47 ||    47
Dodge: Dodged            |    36 |    38 ||    74
Block: Buckler           |    17 |    19 ||    36
